 Dungeon Sprint DCSS version 0.28.0-43-g3370ac3207 (webtiles) character file.

Game seed: 10509136430269638522

26521 boopmooplesden the Executioner (level 12, 0/141 HPs)
             Began as a Minotaur Berserker on Mar 17, 2022.
             Was the Champion of Trog.
             Shot with an arrow by a deep elf master archer (27 damage)
             ... in the Dungeon (Sprint I: "Red Sonja").
             The game lasted 00:13:07 (4529 turns).

boopmooplesden the Executioner (Minotaur Berserker) Turns: 4529, Time: 00:13:08

Health: 0/141      AC: 36    Str: 22      XL:     12   Next: 99%
Magic:  8/8        EV: 13    Int:  0 (2)  God:    Trog [******]
Gold:   3506       SH:  0    Dex: 18 (19) Spells: 11/11 levels left

rFire   . . .      SeeInvis .   t - +4 executioner's axe (vorpal)
rCold   + . .      Faith    .   (shield currently unavailable)
rNeg    . . .      Spirit   .   u - +15 plate armour "Wummas Faerr" {rPois rC+ Will- Dex+8}
rPois   +          Reflect  .   (helmet restricted)
rElec   .          Harm     .   r - +2 cloak
rCorr   .          Rampage  .   o - +0 pair of gloves
Will    .....      Rage     3%  m - +1 pair of boots {Fly}
Stlth   .......... NoTele   +   (no amulet)
HPRegen 0.33/turn               v - +4 ring of slaying
MPRegen 0.11/turn               (no ring)

@: flying, slowed, lost intelligence, unable to read, very slow
A: horns 2, retaliatory headbutt, berserk 2, clumsy 1, deformed body,
deterioration 2, dopey 1, low MP 2, weak 1, inability to read while threatened,
devolution 1
a: Renounce Religion, Berserk, Trog's Hand, Brothers in Arms


You were in the Dungeon.
You worshipped Trog.
Trog was exalted by your worship.
You visited 1 branch You collected 5904 gold pieces.
You spent 2398 gold pieces at shops.

Inventory:

Hand Weapons
 a - a +0 hand axe
 q - a +2 battleaxe of flaming
 t - a +4 vorpal executioner's axe (weapon)
 A - the +4 scimitar of the Distant Future {venom, rC+ Str+3}
   (You found it in the Dungeon)

   It poisons the flesh of those it strikes.
   Str:       It affects your strength (+3).
   rC:        It protects you from cold.
 C - the +8 broad axe of Cikiho {vamp, *Corrode +Blink rPois Str+4}
   (You found it in the Dungeon)

   It occasionally heals its wielder for a portion of the damage dealt when it
   wounds a living foe.
   Str:       It affects your strength (+4).
   rPois:     It protects you from poison.
   +Blink:    It lets you blink.
   *Corrode:  It may corrode you when you take damage.
Armour
 b - a +0 animal skin
 k - a +0 ring mail
 m - a +1 pair of boots of flying (worn)
 n - a +2 plate armour of fire resistance
 o - a +0 pair of gloves (worn)
 p - a +0 pair of boots
 r - a +2 cloak (worn)
 u - the +15 plate armour "Wummas Faerr" (worn) {rPois rC+ Will- Dex+8}
   (You bought it in a shop in the Dungeon)

   Dex:       It affects your dexterity (+8).
   rC:        It protects you from cold.
   rPois:     It protects you from poison.
   Will:      It decreases your willpower.
 x - the +1 robe of Inquiry {rElec rC+++ rN+ Str-3}
   (You found it in the Dungeon)

   Str:       It affects your strength (-3).
   rC:        It renders you almost immune to cold.
   rElec:     It insulates you from electricity.
   rN:        It protects you from negative energy.
 z - the +1 kite shield of the Lute {Str+4}
   (You found it in the Dungeon)

   Str:       It affects your strength (+4).
Jewellery
 v - a +4 ring of slaying (left hand)
Wands
 i - a wand of paralysis (9)
 w - a wand of flame (16)
Scrolls
 h - a scroll of blinking
 l - 2 scrolls of identify
Potions
 c - 5 potions of curing
 d - 2 potions of heal wounds
 e - a potion of haste
 f - 2 potions of magic
 g - a potion of berserk rage
 j - a potion of brilliance
 s - a potion of flight
Miscellaneous
 B - a piece from Xom's chessboard (15/15)


   Skills:
 + Level 23.4 Fighting
 + Level 25.5 Axes
 + Level 17.7 Armour
 + Level 10.7 Dodging
 + Level 1.7 Stealth


You had 11 spell levels left.
You didn't know any spells.
Your spell library was empty.

Dungeon Overview and Level Annotations

Branches:
Dungeon (1/1)

Altars:
Cheibriados
Dithmenos
Elyvilon
Fedhas
Gozag
Hepliaklqana
Kikubaaqudgha
Makhleb
Nemelex Xobeh
Okawaru
Qazlal
Ru
Sif Muna
Trog
Uskayaw
Vehumet
Wu Jian
Xom
Yredelemnul
Zin
The Shining One
Jiyva
Lugonu

Shops:
D ?:*(*:[[(:[[=*[*=!=[[?

Annotations:
D Tiamat


Innate Abilities, Weirdness & Mutations

You have a pair of horns on your head.
You reflexively headbutt those who attack you in melee.
You often lose your temper in combat.
You are clumsy. (Dex -2)
Armour fits poorly on your strangely shaped body.
Your body often deteriorates upon taking damage.
You are dopey. (Int -2)
Your magical capacity is very low. (-20% MP)
You are weak. (Str -2)
You sometimes lose the ability to read scrolls when taking damage.
You have hidden genetic defects.


Message History

The deep elf master archer wields a +0 longbow.
The deep elf master archer shoots an arrow.
The arrow hits you!!
Your body deteriorates!
You feel dopey.
The deep elf master archer shoots an arrow.
The arrow hits you!
The deep elf master archer shoots an arrow.
The arrow hits you!!
You feel threatened and lose the ability to read scrolls!
The deep elf master archer shoots an arrow.
The arrow hits you!
The deep elf master archer shoots an arrow.
The arrow hits you.
The deep elf master archer shoots an arrow.
The arrow hits you!!
* * * LOW HITPOINT WARNING * * *
Your body deteriorates!
You feel dopey.
You have lost your intelligence.
The deep elf master archer unwields a +0 longbow.
The deep elf master archer hits you but does no damage.
The deep elf master archer wields a +0 longbow.
The deep elf master archer shoots an arrow.
The arrow hits you!
* * * LOW HITPOINT WARNING * * *
The deep elf master archer shoots an arrow.
The arrow hits you!
* * * LOW HITPOINT WARNING * * *
The deep elf master archer shoots an arrow.
The arrow hits you!
* * * LOW HITPOINT WARNING * * *
Your body deteriorates!
You feel clumsy.
You can move again.
You feel much better.
The deep elf master archer shoots an arrow.
The arrow hits you but does no damage.
The deep elf master archer shoots an arrow.
The arrow hits you.
* * * LOW HITPOINT WARNING * * *
The deep elf master archer shoots an arrow.
The arrow hits you!!
You die...

#$.###...#.≈..##...§§§§...##.#
#°°#.###.#.≈..#....§..§§...#○#
.$°..○.#.###..#....§[......#°#
.......#.#.'..##..........##.#
....####'#.##'##..........#.○#
..###....#.#≈≈≈##........##○○#
###)..#### #≈≈≈≈##)..(((##°.○#
))).### #≈≈≈≈≈########....#
##### ####≈≈≈@#≈≈≈≈≈#.....# #
#..#'≈≈≈e≈≈.≈≈'°....#
#...##≈≈#≈≈≈≈≈#○≈°..#
#....######'#####°≈≈# #....#
≈≈≈ ##≈≈# ≈. ###### ≈≈≈≈≈ ≈≈≈#
## ≈≈≈≈≈≈#≈≈# .$$$≈≈≈#≈# #
##########


You could see a deep elf master archer.

Vanquished Creatures
  the Lernaean hydra (D)
  A golden dragon (D)
  A shadow dragon (D)
  4 fire giants (D)
  A deep elf annihilator (D)
  A lorocyproca (D)
  A mummy priest (D)
  A hydra (D)
  2 centaur warriors (D)
  Sonja (D)
  A deep troll (D)
  A lindwurm (D)
  8 shining eyes (D)
  2 oklob plants (D)
  2 merfolk sirens (D)
  A gargoyle (D)
  2 kobold demonologists (D)
  7 unseen horrors (D)
  4 demonic crawlers (D)
  A hellwing (D)
  4 hornets (D)
  A slime creature (D)
  Sigmund (D)
  A yak (D)
  13 hogs (D)
  2 redbacks (D)
  7 floating eyes (D)
  7 necrophages (D)
  An ogre (D)
  8 jellies (D)
  Ijyb (D)
89 creatures vanquished.

Vanquished Creatures (others)
  A gargoyle (D)
  A hornet (D)
  2 ballistomycete spores (D)
4 creatures vanquished.

Grand Total: 93 creatures vanquished

Notes
Turn   | Place    | Note
-------+----------+-------------------------------------------
     0 | D        | boopmooplesden the Minotaur Berserker began the quest for
                  | the Orb.
     0 | D        | Reached XP level 1. HP: 19/19 MP: 0/0
     1 | D        | Noticed Ijyb
     6 | D        | Paralysed by Ijyb for 6 turns
    13 | D        | Killed Ijyb
    14 | D        | Reached skill level 5 in Fighting
    14 | D        | Reached skill level 5 in Axes
    14 | D        | Reached XP level 2. HP: 25/30 MP: 1/1
   131 | D        | Noticed an ogre
   134 | D        | Killed an ogre
   135 | D        | Reached skill level 7 in Axes
   135 | D        | Reached XP level 3. HP: 34/40 MP: 2/2
   135 | D        | Reached XP level 4. HP: 41/48 MP: 3/3
   258 | D        | Noticed Sigmund
   273 | D        | Killed Sigmund
   273 | D        | Reached ** piety under Trog
   274 | D        | Reached skill level 9 in Axes
   274 | D        | Reached skill level 5 in Armour
   274 | D        | Reached skill level 5 in Dodging
   274 | D        | Reached XP level 5. HP: 58/58 MP: 4/4
   387 | D        | Found a burning altar of Makhleb.
   387 | D        | Found a viscous altar of Jiyva.
   387 | D        | Found a shimmering altar of Xom.
   387 | D        | Found a corrupted altar of Lugonu.
   387 | D        | Noticed a slime creature
   397 | D        | Killed a slime creature
   398 | D        | Reached skill level 11 in Axes
   398 | D        | Reached XP level 6. HP: 68/68 MP: 5/5
   586 | D        | Noticed a kobold demonologist
   586 | D        | Noticed a floating eye
   587 | D        | Noticed a kobold demonologist
   589 | D        | Noticed a hellwing
   593 | D        | Killed a kobold demonologist
   594 | D        | Reached skill level 12 in Axes
   594 | D        | Reached XP level 7. HP: 77/77 MP: 6/6
   595 | D        | Reached *** piety under Trog
   596 | D        | Reached skill level 13 in Axes
   598 | D        | Killed a kobold demonologist
   599 | D        | Reached XP level 8. HP: 86/86 MP: 7/7
   630 | D        | Found an ornate altar of the Wu Jian Council.
   630 | D        | Found a shimmering blue altar of Sif Muna.
   632 | D        | Found a radiant altar of Vehumet.
   728 | D        | Found Vuetwoso's Weapon Emporium.
   728 | D        | Found an ancient bone altar of Kikubaaqudgha.
   728 | D        | Found a stormy altar of Qazlal.
   728 | D        | Found a blossoming altar of Fedhas.
   728 | D        | Found a bloodstained altar of Trog.
   728 | D        | Found an iron altar of Okawaru.
   728 | D        | Found a glowing golden altar of the Shining One.
   728 | D        | Found a glowing silver altar of Zin.
   728 | D        | Found a white marble altar of Elyvilon.
   730 | D        | Reached **** piety under Trog
   731 | D        | Reached skill level 14 in Axes
   731 | D        | Found a hazy altar of Hepliaklqana.
   731 | D        | Found a hide-covered altar of Uskayaw.
   731 | D        | Found a basalt altar of Yredelemnul.
   731 | D        | Found an opulent altar of Gozag.
   731 | D        | Found a snail-covered altar of Cheibriados.
   731 | D        | Found a sacrificial altar of Ru.
   731 | D        | Found a shadowy altar of Dithmenos.
   732 | D        | Found a sparkling altar of Nemelex Xobeh.
   744 | D        | Noticed a centaur warrior
   745 | D        | Noticed a centaur warrior
   755 | D        | Killed a centaur warrior
   756 | D        | Reached skill level 15 in Axes
   759 | D        | Killed a centaur warrior
   760 | D        | Reached skill level 15 in Fighting
   760 | D        | Reached skill level 16 in Axes
   760 | D        | Reached XP level 9. HP: 64/97 MP: 8/8
   970 | D        | Noticed a deep troll
   976 | D        | Killed a deep troll
   977 | D        | Reached skill level 17 in Axes
   988 | D        | Found Hyoqei's Armour Emporium.
   993 | D        | Bought a +2 plate armour of fire resistance for 440 gold
                  | pieces
  1003 | D        | Bought a +0 pair of gloves for 49 gold pieces
  1003 | D        | Bought a +0 pair of boots for 49 gold pieces
  1174 | D        | Noticed an oklob plant
  1186 | D        | Killed an oklob plant
  1186 | D        | Reached ***** piety under Trog
  1386 | D        | Killed an unseen horror
  1387 | D        | Reached skill level 18 in Axes
  1387 | D        | Reached XP level 10. HP: 110/110 MP: 9/9
  1510 | D        | Received a gift from Trog
  1530 | D        | Reached skill level 10 in Armour
  1549 | D        | Reached ****** piety under Trog
  1549 | D        | Received a gift from Trog
  1550 | D        | Reached skill level 19 in Axes
  1571 | D        | Found Jitir's Distillery.
  1571 | D        | Found Kiedeo's Antique Armour Emporium.
  1571 | D        | Found Tukul's Jewellery Emporium.
  1573 | D        | Found Aneew's Jewellery Boutique.
  1573 | D        | Found Abiczar's Assorted Antiques.
  1573 | D        | Found Poirok Waut's Antique Armour Shop.
  1573 | D        | Found Osecag's Assorted Antiques.
  1573 | D        | Found Oham's Jewellery Boutique.
  1573 | D        | Found Fuon's Armour Shoppe.
  1573 | D        | Found Lim Daed's Antique Armour Shop.
  1577 | D        | Found Zugruiqa's Book Emporium.
  1578 | D        | Found Kobaps's Weapon Boutique.
  1578 | D        | Found Mewa Ciy's Antique Armour Shoppe.
  1579 | D        | Found Hudghuzoa's Antique Armour Shop.
  1584 | D        | Bought a pair of embroidered boots for 217 gold pieces
  1597 | D        | Bought an embroidered cloak for 165 gold pieces
  1655 | D        | Noticed a gargoyle
  1663 | D        | Killed a gargoyle
  1685 | D        | Noticed a lindwurm
  1689 | D        | Killed a lindwurm
  1689 | D        | Received a gift from Trog
  1690 | D        | Reached skill level 20 in Axes
  1690 | D        | Reached skill level 10 in Dodging
  1705 | D        | Reached XP level 11. HP: 109/121 MP: 10/10
  1712 | D        | Received a gift from Trog
  1754 | D        | Noticed a 12-headed hydra
  1758 | D        | Paralysed by a floating eye for 2 turns
  1762 | D        | Killed a nine-headed hydra
  1763 | D        | Reached skill level 21 in Axes
  1988 | D        | Noticed Sonja
  1996 | D        | Killed Sonja
  1996 | D        | Received a gift from Trog
  2045 | D        | Found Futeipnu's Magic Scroll Boutique.
  2286 | D        | Noticed a shining eye
  2286 | D        | Noticed a shining eye
  2286 | D        | Noticed a shining eye
  2291 | D        | Gained mutation: Armour fits poorly on your strangely
                  | shaped body. [a shining eye]
  2293 | D        | Lost mutation: Armour fits poorly on your strangely shaped
                  | body. [a shining eye]
  2293 | D        | Noticed a shining eye
  2295 | D        | Gained mutation: Your body sometimes deteriorates upon
                  | taking damage. [a shining eye]
  2296 | D        | Killed a shining eye
  2298 | D        | Killed a shining eye
  2300 | D        | Killed a shining eye
  2301 | D        | Killed a shining eye
  2301 | D        | Received a gift from Trog
  2302 | D        | Reached skill level 22 in Axes
  2303 | D        | Noticed a shining eye
  2304 | D        | Noticed a shining eye
  2305 | D        | Gained mutation: Your body often deteriorates upon taking
                  | damage. [a shining eye]
  2306 | D        | Killed a shining eye
  2306 | D        | Paralysed by a floating eye for 2 turns
  2308 | D        | Noticed a shining eye
  2308 | D        | Noticed a shining eye
  2309 | D        | Gained mutation: You tend to lose your temper in combat. [a
                  | shining eye]
  2310 | D        | Gained mutation: Armour fits poorly on your strangely
                  | shaped body. [a shining eye]
  2310 | D        | Gained mutation: You sometimes lose the ability to read
                  | scrolls when taking damage. [a shining eye]
  2311 | D        | Killed a shining eye
  2311 | D        | Gained mutation: You often lose your temper in combat. [a
                  | shining eye]
  2312 | D        | Gained mutation: You are dopey. (Int -2) [a shining eye]
  2313 | D        | Gained mutation: You have hidden genetic defects. [a
                  | shining eye]
  2314 | D        | Gained mutation: You have terrible hidden genetic defects.
                  | [a shining eye]
  2316 | D        | Gained mutation: You occasionally shout uncontrollably at
                  | your foes. [a shining eye]
  2317 | D        | Killed a shining eye
  2317 | D        | Gained mutation: Your magical capacity is low. (-10% MP) [a
                  | shining eye]
  2319 | D        | Gained mutation: Your magical capacity is very low. (-20%
                  | MP) [a shining eye]
  2322 | D        | Killed a shining eye
  2337 | D        | Found Dimp's Book Shoppe.
  2337 | D        | Found Naec's General Store.
  2337 | D        | Found Afith's General Store.
  2337 | D        | Found Seomitiv's Book Boutique.
  2354 | D        | Bought a scroll of enchant armour for 82 gold pieces
  2406 | D        | Bought a steaming plate armour for 616 gold pieces
  2406 | D        | Identified the +15 plate armour "Wummas Faerr" {rPois rC+
                  | Will- Dex+8} (You bought it in a shop in the Dungeon)
  2424 | D        | Bought a +4 ring of slaying for 780 gold pieces
  2514 | D        | Killed a lorocyproca
  2679 | D        | Lost intelligence.
  2859 | D        | Noticed a daeva
  2869 | D        | Received a gift from Trog
  2870 | D        | Reached skill level 23 in Axes
  2873 | D        | Gained mutation: You are weak. (Str -2) [hidden defects]
  2890 | D        | Reached XP level 12. HP: 136/136 MP: 8/8
  2951 | D        | Noticed a fire giant
  2952 | D        | Noticed a fire giant
  2954 | D        | Noticed a fire giant
  2954 | D        | Noticed a fire giant
  2960 | D        | Killed a fire giant
  2963 | D        | Killed a fire giant
  2964 | D        | Reached skill level 15 in Armour
  2964 | D        | Reached skill level 1 in Stealth
  2967 | D        | Killed a fire giant
  2971 | D        | Killed a fire giant
  2971 | D        | Received a gift from Trog
  2972 | D        | Reached skill level 24 in Axes
  2983 | D        | Gained mutation: You are clumsy. (Dex -2) [hidden defects]
  2983 | D        | Lost mutation: You have terrible hidden genetic defects.
                  | [hidden defects expressed]
  3222 | D        | Found the +4 dragonskin cloak
  3222 | D        | Noticed Tiamat
  3310 | D        | Lost mutation: You are dopey. (Int -2) [potion of mutation]
  3310 | D        | Lost mutation: You occasionally shout uncontrollably at
                  | your foes. [potion of mutation]
  3703 | D        | Noticed a deep elf annihilator
  3724 | D        | Received a gift from Trog
  3729 | D        | Killed a deep elf annihilator
  3730 | D        | Noticed a mummy priest
  3985 | D        | Noticed the 27-headed Lernaean hydra
  3990 | D        | Killed a mummy priest
  3992 | D        | Gained mutation: You are dopey. (Int -2) [hidden defects]
  4031 | D        | Identified the +1 robe of Inquiry {rElec rC+++ rN+ Str-3}
  4053 | D        | Killed the 24-headed Lernaean hydra
  4054 | D        | Reached skill level 25 in Axes
  4158 | D        | Identified the +1 kite shield of the Lute {Str+4}
  4160 | D        | Identified the +4 scimitar of the Distant Future {venom,
                  | rC+ Str+3}
  4384 | D        | Noticed a shadow dragon
  4384 | D        | Noticed a golden dragon
  4393 | D        | Killed a shadow dragon
  4393 | D        | Identified the +10 dire flail "Giups" {vorpal, Will+} (Trog
                  | gifted it to you in the Dungeon)
  4393 | D        | Received a gift from Trog
  4399 | D        | Killed a golden dragon
  4402 | D        | Identified the +8 broad axe of Cikiho {vamp, *Corrode
                  | +Blink rPois Str+4}
  4411 | D        | Gained mutation: You have terrible hidden genetic defects.
                  | [hidden defects]
  4411 | D        | Lost mutation: You have terrible hidden genetic defects.
                  | [hidden defects expressed]
  4461 | D        | Found Hien's Magic Scroll Shoppe.
  4521 | D        | Identified the +10 crystal plate armour "Boyzeixa" {rF+
                  | Will+++ Str-5 Int+4}
  4521 | D        | Noticed a deep elf master archer
  4525 | D        | Lost intelligence.
  4528 | D        | HP: 1/141 [deep elf master archer/arrow (16)]
  4529 | D        | Shot with an arrow by a deep elf master archer

Illustrated notes

Levels and vault maps discovered:
D:        dungeon_sprint_1 [red_sonja_temple_1, red_sonja_temple_small_1]

Skill      XL: |  1  2  3  4  5  6  7  8  9 10 11 12 |
---------------+-------------------------------------+-----
Fighting       | 5 7 9 11 12 13 15 16 18 21 23 | 23.4
Axes           | 5 7 9 11 12 13 16 18 20 23 25 | 25.5
Armour         | 3 4 5 6 7 8 9 11 14 17 | 17.7
Dodging        | 3 4 5 6 7 8 9 10 | 10.7
Stealth        | 1 |  1.7

Action                   |  1- 3 |  4- 6 |  7- 9 | 10-12 || total
-------------------------+-------+-------+-------+-------++-------
Melee: Hand axe          |     8 |    26 |    50 |    20 ||   104
       Headbutt          |     2 |     6 |    11 |    38 ||    57
       Punch             |       |       |     5 |     1 ||     6
       Battleaxe         |       |       |       |   100 ||   100
       Executioner's axe |       |       |       |    61 ||    61
Invok: Berserk           |     2 |     3 |     5 |     8 ||    18
  Use: Scroll            |       |       |       |     6 ||     6
       Potion            |       |       |       |     2 ||     2
Armor: Ring mail         |       |     2 |     9 |       ||    11
       Plate armour      |       |       |    11 |   228 ||   239
Dodge: Dodged            |     2 |     7 |    17 |    75 ||   101
